Unix NetHack Version 3.7.0-53 Work-in-progress - last build Mar 21 2022 02:33:53 (e25487e73a26563eb890138f5364dfe52547422e,branch:master). Game began 2022-03-21 19:21:27, ended 2022-03-21 23:31:15. Gandelf, neutral male human Monk ------------------------ |.............%.....%..| |.-------------------..| |.| ----- |.---- |@| |...-- --.|..| |.| |....|--|.....| |.| |....|..|....0| |.| --......|...0-- |.|------ |...|.......| |.|11..1|-- |...|..|....| |%|..111+.| |...|---....| |T|111$1|-| --..|.......| |T[11$1$+.| --.|....---- --|11$$$|-| |.--.--- |.$$$.+.| |.%...| |.$$$$|-- |..|.>| ------- ------- Gandelf the Initiate St:18/02 Dx:12 Co:13 In:12 Wi:14 Ch:10 Neutral S:11935 Dlvl:2 $:1253 HP:0(73) Pw:55(55) AC:4 Xp:8/2538 T:6613 Latest messages: In what direction? j The sleep ray hits the troll. The sleep ray bounces! The sleep ray hits the troll. You see here a giant bat corpse. You kill the gecko! The Green-elf shoots 2 runed arrows! The 1st runed arrow misses the yeti. The 1st runed arrow hits the gnome lady. The 2nd runed arrow hits the yeti! The soldier wields a short sword! The gnome lady wields a thonged club! You hit the gnome lady! You kill the gnome lady! The soldier zaps a brass wand! The bolt of cold hits the yeti. The bolt of cold hits you! The bolt of cold bounces! You hit the yeti! The yeti hits! The yeti hits! The yeti bites! The soldier zaps a wand of cold! The bolt of cold misses the yeti. The bolt of cold hits you! The bolt of cold bounces! The bolt of cold bounces! The troll wields a forked polearm! You hit the yeti! You kill the yeti! The ogre lady picks up some gold. The troll thrusts a forked polearm. You are hit by a forked polearm! You hit the soldier! The soldier thrusts her short sword. The soldier hits! You kill the soldier! You see here a giant bat corpse. What do you want to drink? [fL or ?*] ? You feel much better. You hear a sound reminiscent of a seal barking. You hear some noises in the distance. The troll zaps a wand of cold! The bolt of cold hits you! You die... Do you want your possessions identified? [ynq] (y) y Do you want to see your attributes? [ynq] (y) y Do you want an account of creatures vanquished? [ynaq] (y) y Do you want to see your conduct and achievements? [ynq] (y) y Do you want to see the dungeon overview? [ynq] (y) y Major events: Turn 1: Gandelf the neutral male human Monk entered the dungeon 949: attained the rank of Novice (level 3) 1158: entered the Gnomish Mines 1347: reached Mine Town 1431: attained the rank of Initiate (level 6) 1722: destroyed elenmirie's ghost, the former Field Worker 3644: entered Sokoban 3948: completed sokoban 1 5388: completed sokoban 2 5844: completed sokoban 3 6586: completed sokoban 4 6613: killed by a bolt of cold Inventory: Coins $ - 1253 gold pieces Weapons N - 13 +0 darts Armor J - a blessed +1 dwarvish iron helm X - a cursed +0 fedora (being worn) a - an uncursed +1 pair of leather gloves (being worn) T - a cursed +0 pair of speed boots (being worn) b - an uncursed +1 robe (being worn) Comestibles h - 6 uncursed apples g - 3 uncursed food rations i - an uncursed orange e - 2 uncursed tripe rations z - an uncursed tripe ration p - an uncursed egg S - an uncursed lizard corpse Potions f - an uncursed potion of object detection Rings d - an uncursed ring of cold resistance w - an uncursed ring of free action U - a cursed +1 ring of protection n - an uncursed ring of stealth Wands u - a blessed wand of digging (0:6) j - a wand of digging (0:4) Q - a wand of enlightenment (0:13) c - a wand of make invisible (0:6) R - a wand of sleep (0:5) O - a wand of speed monster (0:4) Gems/Stones H - an uncursed worthless piece of black glass W - a cursed touchstone Gandelf the Monk's attributes: Background: You were an Initiate, a level 8 male human Monk. You were neutral, on a mission for Chih Sung-tzu who was opposed by Shan Lai Ching (lawful) and Huan Ti (chaotic). You were in Sokoban, on level 2. You entered the dungeon 6613 turns ago. It was nighttime. You had 2538 experience points, 22 more were needed to attain level 9. Your score was 11935 before end-of-game adjustments. Basics: You had 0 out of 73 hit points. You had all 55 energy points (spell power). Your armor class was 4. Your wallet contained 1253 zorkmids. Autopickup was off. Final Characteristics: Your strength was 18/02 (limit:18/100). Your dexterity was 12 (limit:18). Your constitution was 13 (limit:18). Your intelligence was 12 (limit:18). Your wisdom was 14 (limit:18). Your charisma was 10 (limit:18). Final Status: You were not hungry. You were unencumbered. You were empty handed. You were skilled in martial arts and could have enhanced that. Final Attributes: You were piously aligned. You were sleep resistant. You were poison resistant. You saw invisible. You were warned. You were stealthy. You were guarded. You were very fast. You are dead. Miscellaneous: You encountered 1 bones level. Total elapsed playing time was 1 hour, 47 minutes and 10 seconds. Vanquished creatures: a ghost 2 giant mimics 2 small mimics an ettin mummy a gargoyle a tengu a human mummy a carnivorous ape a soldier 2 chameleons 2 giant beetles a quivering blob 5 leprechauns an orc-captain an iron piercer 2 giant spiders a horse an ice vortex a vampire bat an orc mummy an owlbear 2 yetis a werewolf 2 lizards a jaguar a snake 4 Woodland-elves a bugbear 2 imps 2 wood nymphs a rock piercer a rock mole 7 gnome leaders 3 gnomish wizards a gray ooze 3 elf zombies 2 ghouls 6 giant ants a little dog a kitten 5 dwarves a kobold shaman a hill orc 3 rothes 3 giant bats a monkey 4 iguanas 4 acid blobs 2 coyotes a gas spore a hobbit 13 manes 5 giant rats a brown mold a green mold a red mold 15 gnomes 2 gnome zombies 2 geckos 3 jackals a kobold a goblin 9 grid bugs 4 bats 3 lichens 2 kobold zombies 10 newts 171 creatures vanquished. No species were genocided or became extinct. Voluntary challenges: You followed a strict vegan diet. You never hit with a wielded weapon. You were illiterate. You never engraved Elbereth. You never genocided any monsters. You never polymorphed an object. You never changed form. You used no wishes. You did not violate any of the special Sokoban rules. Achievements: You attained the rank of Novice. You entered a shop. You entered the Gnomish Mines. You entered Minetown. You attained the rank of Initiate. You entered a temple. You entered Sokoban. The Dungeons of Doom: levels 1 to 11 Level 1: Level 2: Level 3: A general store. Stairs down to The Gnomish Mines. Level 4: An armor shop, a grave. Final resting place for elenmirie-Arc-Gno-Fem-Neu, killed by a giant bat. Level 5: Level 6: Stairs up to Sokoban, level 5. Level 7: Level 8: A fountain. Level 9: Many fountains. Level 10: A sink. Level 11: The Gnomish Mines: levels 4 to 7 Level 4: Level 5: Level 6: Level 7: Many shops, a temple, some fountains. Sokoban: levels 5 up to 2 Level 2: <- You were here. Solved. Final resting place for you, killed by a bolt of cold. Level 3: Solved. Level 4: Solved. Level 5: Solved. Game over: ---------- / \ / REST \ / IN \ / PEACE \ / \ | Gandelf | | 1253 Au | | killed by a bolt | | of cold | | | | | | 2022 | *| * * * | * _________)/\\_//(\/(/\)/\//\/|_)_______ Goodbye Gandelf the Monk... You died in Sokoban on dungeon level 2 with 11810 points, and 1253 pieces of gold, after 6613 moves. You were level 8 with a maximum of 73 hit points when you died.